 Dungeon Crawl Stone Soup version 0.16.1-11-g651b585 (webtiles) character file.

12291 jacksonaction the Spear-Bearer (level 11, -2/121 HPs)
             Began as an Octopode Berserker on Apr 1, 2015.
             Was a High Priest of Trog.
             Slain by a black mamba (16 damage)
             ... on level 2 of the Lair of Beasts.
             The game lasted 01:58:00 (15274 turns).

jacksonaction the Spear-Bearer (OpBe)              Turns: 15274, Time: 01:58:04

Health: -2/121     AC:  3    Str: 25    XL:     11   Next: 91%
Magic:  11/11      EV: 20    Int:  9    God:    Trog [*****.]
Gold:   147        SH:  0    Dex: 18    Spells: 0 memorised, 10 levels left

rFire  . . .     SeeInvis +     f - +2 spear (venom)
rCold  . . .     Clarity  .     (no shield)
rNeg   . . .     SustAb   +     (helmet restricted)
rPois  .         Gourm    +     U - amulet of the gourmand
rElec  .         Spirit   .     r - +6 ring of dexterity
rCorr  .         Warding  .     y - ring of see invisible
rMut   .         Stasis   .     Q - ring of sustain abilities
MR     ++...                    l - +2 ring of protection
Stlth  ..........               (no ring)
                                (no ring)
                                (no ring)
                                (no ring)

@: berserking, lethally poisoned (-2 -> -10), regenerating, very quick, very
resistant to hostile enchantments, extremely unstealthy
A: almost no armour, amphibious, 8 rings, constrict 8, camouflage 1, gelatinous
body 1
a: Burn Spellbooks, Berserk, Trog's Hand, Brothers in Arms, Renounce Religion


You were on level 2 of the Lair of Beasts.
You worshipped Trog.
Trog was extremely pleased with you.
You were full.

You visited 3 branches of the dungeon, and saw 12 of its levels.

You collected 602 gold pieces.
You spent 455 gold pieces at shops.

Inventory:

Hand weapons
 f - a +2 spear of venom (weapon)
 J - a +1 hand axe of electrocution
 K - a +1 arbalest of freezing
Jewellery
 l - a +2 ring of protection (on tentacle)
 r - a +6 ring of dexterity (left tentacle)
 v - an uncursed amulet of resist mutation
 y - a ring of see invisible (right tentacle)
 Q - a ring of sustain abilities (on tentacle)
 U - an amulet of the gourmand (around mantle)
Magical devices
 a - a wand of magic darts (16)
 n - a wand of flame (27)
 u - a wand of draining (6)
 z - a wand of paralysis (4)
 I - a wand of slowing (14)
 M - a wand of confusion (25)
 S - a wand of magic darts (18)
Scrolls
 d - a scroll of brand weapon
 g - 3 scrolls of identify
 m - 5 scrolls of fear
 o - 7 scrolls of teleportation
 p - 2 scrolls of remove curse
 t - 2 scrolls of magic mapping
 w - a scroll of noise {unknown}
 D - 2 scrolls of blinking
 G - a scroll of random uselessness {unknown}
Potions
 b - a potion of brilliance
 e - 2 potions of agility
 h - a potion of flight {unknown}
 i - a potion of lignification {unknown}
 j - a potion of resistance {unknown}
 q - 3 potions of mutation {unknown}
 s - a potion of berserk rage
 x - 5 potions of might
 A - 2 potions of heal wounds
 B - 2 potions of curing
 E - a potion of invisibility {unknown}
 F - a potion of degeneration {unknown}
 H - a potion of restore abilities {unknown}
 N - a potion of haste {unknown}
 P - a potion of ambrosia {unknown}
Comestibles
 c - 10 bread rations
 C - 16 royal jellies
 O - 11 fruits


   Skills:
 - Level 10.3 Fighting
 + Level 11.0 Polearms
   Level 4.9 Slings
 - Level 10.2 Dodging
 - Level 6.2 Stealth


You had 10 spell levels left.
You didn't know any spells.

Dungeon Overview and Level Annotations

Branches:
Dungeon (9/15)             Temple (1/1) D:6            Lair (2/8) D:9
    Orc: D:9-12

Altars:
Ashenzari
Cheibriados
Dithmenos
Elyvilon
Fedhas
Gozag
Kikubaaqudgha
Makhleb
Nemelex Xobeh
Okawaru
Qazlal
Ru
Sif Muna
Trog
Vehumet
Xom
Yredelemnul
Zin
The Shining One

Shops:
D:5 !   D:8 (   D:9 %=%


Innate Abilities, Weirdness & Mutations

You cannot wear most types of armour.
You are amphibious.
You can wear up to eight rings at the same time.
You can use your tentacles to constrict many enemies at once.
Your skin changes colour to match your surroundings (Stealth).
Your rubbery body absorbs attacks (AC +1).


Message History

You hit the black mamba.
The black mamba is moderately wounded.
You constrict the black mamba. The black mamba bites you!
You are more poisoned.
The black mamba poisons you!
Use which ability? (? or * to list)
Your skin crawls.
You feel resistant to hostile enchantments.
You feel slightly less full.
You constrict the black mamba.
You feel sick. The black mamba bites you!
* * * LOW HITPOINT WARNING * * *
The black mamba barely misses you.
Use which ability? (? or * to list)
A red film seems to cover your vision as you go berserk!
You feel yourself moving faster!
You feel mighty!
You feel somewhat less full.
You constrict the black mamba.
You feel sick. The black mamba bites you!
* * * LOW HITPOINT WARNING * * *
You are more poisoned.
The black mamba poisons you! The black mamba bites you!
You die...

##.≈≈≈≈≈≈≈≈≈≈.##
#.≈≈≈≈≈≈≈≈≈..P#
##≈.≈≈≈≈≈....#### #.
#..≈.≈.......#P# ....
#..P≈P.##......##.#...
...######......#.......
..#. ####...........
..# ##.....S.?......# .
###..###.#@......#
#.#....#.......##P##
..(.(.......#.##
.......†...####
........#### ......#
#.##[. . .... ##..


You could see a black mamba.

Vanquished Creatures
  A hydra (Lair:1)
  Pikel (D:6)
  Joseph (D:8)
  An elephant (D:9)
  3 spiny frogs
  A black mamba (Lair:1)
  Psyche (D:8)
  A komodo dragon (Lair:1)
  A two-headed ogre (D:8)
  A queen bee (Lair:1)
  Grinder (D:4)
  A troll (D:9)
  6 yaks
  2 hippogriffs (D:8)
  Eustachio (D:6)
  A deep elf mage (D:9)
  A wolf (Lair:2)
  5 water moccasins
  An orc warrior (D:8)
  3 sky beasts
  3 black bears
  2 porcupines (Lair:1)
  4 ice beasts
  An eye of draining (D:9)
  A slave (D:6)
  A centaur (D:9)
  4 ogres
  A big kobold (D:9)
  Duvessa (D:4)
  4 crocodiles
  7 giant frogs
  2 scorpions
  2 spriggan skeletons (D:9)
  4 wights (D:8)
  A troll skeleton (D:9)
  29 killer bees
  A goliath beetle (D:9)
  Dowan (D:4)
  5 crimson imps
  2 jellies
  2 giant frog zombies
  2 giant frog skeletons
  5 orc priests
  5 hounds
  3 orc wizards
  3 iguanas
  4 worker ants
  A hound zombie (D:6)
  2 worker ant zombies
  21 adders
  16 gnolls
  24 river rats (Lair:1)
  2 shadow imps
  A giant mite (D:9)
  6 worms
  An adder skeleton (D:8)
  2 giant geckos
  An ooze (D:1)
  37 orcs
  4 ball pythons
  19 bats
  A bat zombie (D:7)
  7 giant cockroaches
  7 hobgoblins
  5 jackals
  15 kobolds
  9 quokkas
  3 giant newts
  7 goblins
  A jackal skeleton (D:5)
  24 rats
  A fungus (D:4)
351 creatures vanquished.

Vanquished Creatures (others)
  A slave (D:6)
  3 gnolls (D:6)
  2 plants (D:9)
6 creatures vanquished.

Grand Total: 357 creatures vanquished

Notes
Turn   | Place    | Note
--------------------------------------------------------------
     0 | D:1      | jacksonaction, the Octopode Berserker, began the quest for the Orb.
     0 | D:1      | Reached XP level 1. HP: 16/16 MP: 1/1
   302 | D:1      | Reached skill level 1 in Stealth
   302 | D:1      | Reached XP level 2. HP: 15/21 MP: 2/2
   657 | D:1      | Reached XP level 3. HP: 24/26 MP: 3/3
  1213 | D:2      | Found an iron altar of Okawaru.
  1374 | D:2      | Found a shadowy altar of Dithmenos.
  1402 | D:2      | Acquired Trog's second power
  1402 | D:2      | Reached XP level 4. HP: 33/33 MP: 4/4
  1522 | D:2      | Reached skill level 4 in Dodging
  2111 | D:2      | Reached XP level 5. HP: 37/37 MP: 5/5
  2478 | D:2      | You fall through a shaft for 2 floors!
  2478 | D:4      | Noticed Grinder
  2843 | D:3      | Reached skill level 5 in Dodging
  2847 | D:3      | Reached XP level 6. HP: 44/44 MP: 6/6
  3215 | D:3      | Found an opulent altar of Gozag.
  4440 | D:4      | Found a sacrificial altar of Ru.
  4516 | D:4      | Noticed Duvessa
  4521 | D:4      | Reached skill level 6 in Dodging
  4527 | D:4      | Noticed Dowan
  4528 | D:4      | Killed Duvessa
  4528 | D:4      | Reached XP level 7. HP: 41/49 MP: 7/7
  4535 | D:4      | Killed Dowan
  4535 | D:4      | Reached skill level 5 in Fighting
  4739 | D:4      | Found a burning altar of Makhleb.
  4762 | D:4      | Paralysed by Grinder for 5 turns
  4774 | D:4      | Killed Grinder
  4774 | D:4      | Reached skill level 7 in Dodging
  4879 | D:4      | Acquired Trog's third power
  5100 | D:4      | Noticed a sky beast
  5105 | D:4      | Killed a sky beast
  5105 | D:4      | Reached XP level 8. HP: 55/57 MP: 8/8
  5292 | D:5      | Entered Level 5 of the Dungeon
  5374 | D:5      | Reached skill level 8 in Dodging
  5530 | D:5      | Found Zuocuy's Distillery.
  5537 | D:5      | Bought a potion of might for 56 gold pieces
  5537 | D:5      | Bought a potion of heal wounds for 70 gold pieces
  5537 | D:5      | Bought a potion of heal wounds for 70 gold pieces
  5537 | D:5      | Bought a potion of curing for 42 gold pieces
  5879 | D:5      | Received a gift from Trog
  6792 | D:5      | Found a sparkling altar of Nemelex Xobeh.
  6793 | D:5      | Found a shattered altar of Ashenzari.
  7012 | D:6      | Reached skill level 9 in Dodging
  7263 | D:6      | Reached XP level 9. HP: 14/64 MP: 9/9
  7700 | D:6      | Noticed Eustachio
  7717 | D:6      | Killed Eustachio
  7948 | D:6      | Found a staircase to the Ecumenical Temple.
  7955 | Temple   | Entered the Ecumenical Temple
  8149 | D:6      | Found a stormy altar of Qazlal.
  8245 | D:6      | Noticed Pikel
  8261 | D:6      | Killed Pikel
  8261 | D:6      | Reached skill level 5 in Stealth
  8911 | D:8      | Found Peasch's Antique Weapon Emporium.
  9294 | D:8      | Noticed Joseph
  9576 | D:8      | Killed Joseph
  9663 | D:8      | Reached XP level 10. HP: 76/76 MP: 10/10
  9669 | D:8      | Noticed Psyche
  9678 | D:8      | Killed Psyche
  9678 | D:8      | Reached skill level 10 in Fighting
  9889 | D:8      | Reached skill level 10 in Dodging
 10286 | D:8      | Reached skill level 1 in Slings
 11236 | D:9      | Found Bromek's Food Shoppe.
 11455 | D:9      | Received a gift from Trog
 11515 | D:9      | Found Koyshry's Jewellery Shoppe.
 11535 | D:9      | Bought a cursed ring of loudness for 67 gold pieces
 11541 | D:9      | Bought a +2 ring of protection for 150 gold pieces
 11589 | D:9      | Noticed an elephant
 11679 | D:9      | Found a staircase to the Lair.
 11881 | D:9      | Found Chon's Food Emporium.
 11938 | D:9      | Found a runed door.
 11943 | D:9      | Reached skill level 5 in Polearms
 12627 | D:9      | Found a blossoming altar of Fedhas.
 12627 | D:9      | Found an ancient bone altar of Kikubaaqudgha.
 12724 | D:9      | Killed an elephant
 12724 | D:9      | Reached XP level 11. HP: 41/81 MP: 11/11
 12945 | Lair:1   | Entered Level 1 of the Lair of Beasts
 14608 | Lair:1   | Received a gift from Trog
 14636 | Lair:1   | Reached skill level 10 in Polearms
 14686 | Lair:1   | Noticed a six-headed hydra
 14692 | Lair:1   | Killed a six-headed hydra
 15264 | Lair:2   | Reached skill level 11 in Polearms
 15274 | Lair:2   | Slain by a black mamba

Action                   |  1- 3 |  4- 6 |  7- 9 | 10-12 || total
-------------------------+-------+-------+-------+-------++-------
Melee: Spear             |    87 |   229 |   216 |   448 ||   980
 Fire: Hunting sling     |       |       |       |    54 ||    54
Throw: Stone             |    37 |    99 |       |       ||   136
       Tomahawk          |       |    34 |    81 |     5 ||   120
       Javelin           |       |       |    75 |    42 ||   117
Invok: Berserk           |     3 |     6 |     5 |     5 ||    19
       Trog's Hand       |       |     2 |     5 |     7 ||    14
       Burn Spellbooks   |       |       |     2 |     1 ||     3
       Brothers in Arms  |       |       |     2 |       ||     2
  Use: Scroll            |       |     4 |     6 |     3 ||    13
       Potion            |       |       |       |     3 ||     3
 Stab: Sleeping          |     2 |     2 |     5 |    10 ||    19
       Distracted        |     1 |     1 |     1 |     1 ||     4
  Eat: Chunk             |     4 |    16 |    10 |    24 ||    54
       Meat ration       |       |       |     1 |     1 ||     2
       Fruit             |       |       |     1 |     1 ||     2
       Beef jerky        |       |       |     1 |     1 ||     2
       Bread ration      |       |       |     1 |       ||     1
       Pizza             |       |       |     1 |       ||     1
       Royal jelly       |       |       |       |     1 ||     1
